 Dungeon Crawl Stone Soup version 0.22.1-2-g9c5b331 (webtiles) character file.

788 teukkam the Covered (level 7, 0/63 HPs)
             Began as a Minotaur Fighter on Nov 22, 2018.
             Was a Follower of Wu Jian.
             Killed from afar by an orc wizard (9 damage)
             ... with a puff of frost
             ... on level 4 of the Dungeon on Nov 23, 2018.
             The game lasted 00:14:18 (3163 turns).

teukkam the Covered (Minotaur Fighter)              Turns: 3163, Time: 00:14:18

Health: 0/63       AC:  7    Str: 23    XL:     7   Next: 56%
Magic:  6/6        EV:  8    Int:  5    God:    Wu Jian [*.....]
Gold:   135        SH: 10    Dex:  9    Spells: 6/6 levels left

rFire    . . .     SeeInvis .   a - +0 hand axe (freeze)
rCold    . . .     Gourm    .   c - +0 shield
rNeg     . . .     Faith    .   l - +0 scale mail
rPois    .         Spirit   .   (helmet restricted)
rElec    .         Reflect  .   (no cloak)
rCorr    .         Harm     .   (no gloves)
MR       .....                  (no boots)
Stlth    ..........             (no amulet)
HPRegen  0.20/turn              (no ring)
MPRegen  0.10/turn              (no ring)

@: no status effects
A: retaliatory headbutt, horns 2
a: Renounce Religion


You were on level 4 of the Dungeon.
You worshipped Wu Jian.
Wu Jian was aware of your devotion.
You were not hungry.

You visited 1 branch of the dungeon, and saw 4 of its levels.

You collected 135 gold pieces.

Inventory:

Hand Weapons
 a - a +0 hand axe of freezing (weapon)
 b - a +0 hunting sling
 d - a +3 dagger
 r - a +0 war axe
Missiles
 m - 86 stones (quivered)
 n - 6 tomahawks
 s - 7 javelins
Armour
 c - a +0 shield (worn)
 l - a +0 scale mail (worn)
Wands
 i - a wand of polymorph (12)
 q - a wand of flame (34)
Scrolls
 h - a scroll of identify
 j - a scroll of noise {unknown}
 o - 3 scrolls of remove curse
 u - a scroll of teleportation
 v - 2 scrolls of magic mapping {unknown}
Potions
 e - 3 potions of agility
 g - 2 potions of lignification
 k - a potion of berserk rage {unknown}
 p - a potion of curing
 t - a potion of brilliance {unknown}
Comestibles
 f - 6 rations
 w - a chunk of flesh


   Skills:
 + Level 6.0 Fighting
 + Level 5.4 Axes
 + Level 2.6 Slings
 + Level 6.0 Armour
 + Level 6.0 Shields


You had 6 spell levels left.
You didn't know any spells.
Your spell library was empty.

Dungeon Overview and Level Annotations

Branches:
Dungeon (4/15)
 Temple: D:4-7

Altars:
Wu Jian
Xom


Innate Abilities, Weirdness & Mutations

You reflexively headbutt those who attack you in melee.
You have a pair of horns on your head.


Message History

You block the orc wizard's attack.
The orc priest hits you but does no damage.
You hit the orc priest but do no damage.
Your headbutt misses the orc priest.
The orc priest is severely wounded.
You slash the orc wizard! You freeze the orc wizard.
You block the orc wizard's attack. The orc priest closely misses you.
The orc wizard casts a spell at you. The magic dart hits you!
You completely miss the orc priest. Your headbutt misses the orc priest.
The orc priest is severely wounded.
You barely miss the orc wizard.
The orc wizard points at you and mumbles some strange words.
The puff of frost hits you!
* * * LOW HITPOINT WARNING * * *
The orc priest hits you with a short sword.
* * * LOW HITPOINT WARNING * * *
The orc wizard gestures at you while chanting.
The puff of frost hits you!
You die...

.....##.## #..##..##..)))#.....#
....###.### ..#.######....#####
....###.#.. #... ##......#
....##..#.# #..## #......#
....##.##.# #...## #......#
......<##.# ##...# ##..........
###....##.#####†.#.#....#......#.
##...........................#
#...#.......o@....### #..###.
#...#####...)†o...... ###.#
#.........### ..# #.........# ###
#.........# #...........
..........### #..........#
...........#


You could see an orc priest and an orc wizard.

Vanquished Creatures
  Sigmund (D:2)
  An ogre (D:4)
  A howler monkey (D:4)
  3 orc priests
  A bullfrog skeleton (D:4)
  7 orc wizards
  A centaur skeleton (D:4)
  7 adders
  2 oozes
  An adder skeleton (D:4)
  A worm (D:4)
  A dart slug (D:1)
  A leopard gecko (D:3)
  17 orcs
  3 bats
  4 giant cockroaches
  4 goblins
  6 hobgoblins
  4 jackals (D:4)
  3 quokkas
  A ball python (D:4)
  8 frilled lizards
  9 kobolds
  A quokka skeleton (D:4)
  7 rats
95 creatures vanquished.

Notes
Turn   | Place    | Note
-------+----------+-------------------------------------------
     0 | D:1      | teukkam the Minotaur Fighter began the quest for the Orb.
     0 | D:1      | Reached XP level 1. HP: 19/19 MP: 0/0
   222 | D:1      | Reached XP level 2. HP: 27/27 MP: 1/1
   584 | D:3      | Reached XP level 3. HP: 9/33 MP: 2/2
   588 | D:3      | Reached XP level 4. HP: 7/41 MP: 3/3
   970 | D:3      | Reached XP level 5. HP: 47/47 MP: 4/4
  1519 | D:3      | Found an ornate altar of the Wu Jian Council.
  1521 | D:3      | Found a shimmering altar of Xom.
  1536 | D:3      | Became a worshipper of the Wu Jian Council
  1979 | D:2      | Reached skill level 5 in Armour
  1983 | D:2      | Reached skill level 5 in Fighting
  1989 | D:2      | Reached skill level 5 in Shields
  2495 | D:2      | Noticed Sigmund
  2521 | D:2      | Killed Sigmund
  2521 | D:2      | Reached skill level 1 in Slings
  2521 | D:2      | Reached XP level 6. HP: 51/56 MP: 5/5
  2858 | D:4      | Reached XP level 7. HP: 25/61 MP: 6/6
  3010 | D:4      | Reached skill level 5 in Axes
  3018 | D:4      | Reached * piety under Wu Jian
  3163 | D:4      | Killed from afar by an orc wizard

Skill      XL: |  1  2  3  4  5  6  7 |
---------------+----------------------+-----
Fighting       | 4 5 6 |  6.0
Armour         | 4 5 6 |  6.0
Axes           | 3 4 5 |  5.4
Shields        | 4 5 6 |  6.0
Slings         | 1 2 |  2.6

Action                   |  1- 3 |  4- 6 |  7- 9 || total
-------------------------+-------+-------+-------++-------
Melee: War axe           |    60 |    66 |       ||   126
       Headbutt          |     3 |    17 |    10 ||    30
       Hand axe          |       |    54 |    57 ||   111
 Fire: Hunting sling     |       |     8 |     9 ||    17
Invok: Lunge             |       |     7 |     2 ||     9
  Use: Potion            |     1 |     6 |       ||     7
       Scroll            |       |     3 |       ||     3
  Eat: Chunk             |       |     3 |     1 ||     4
       Ration            |       |     1 |       ||     1
Armor: Scale mail        |    19 |    41 |    24 ||    84
       Skin              |       |    44 |       ||    44
Dodge: Dodged            |    19 |    24 |    18 ||    61
Block: Shield            |    41 |    64 |    40 ||   145
